 Dungeon Crawl Stone Soup version 0.22.1-5-g62c59d919a (webtiles) character file.

831 Peloso the Slasher (level 7, -6/61 HPs)
             Began as a Minotaur Fighter on Jan 12, 2019.
             Was an Initiate of Okawaru.
             Mangled by an orc warrior
             ... wielding a +0 trident
              (16 damage)
             ... in the Ecumenical Temple.
             The game lasted 00:08:21 (4763 turns).

Peloso the Slasher (Minotaur Fighter)               Turns: 4763, Time: 00:08:22

Health: -6/61      AC: 10    Str: 21    XL:     7   Next: 65%
Magic:  0/6        EV: 12    Int:  7    God:    Okawaru [......]
Gold:   238        SH: 11    Dex: 16    Spells: 6/6 levels left

rFire    . . .     SeeInvis .   a - +0 long sword
rCold    . . .     Gourm    .   c - +0 shield
rNeg     . . .     Faith    .   t - +0 chain mail
rPois    +         Spirit   +   (helmet restricted)
rElec    .         Reflect  .   (no cloak)
rCorr    .         Harm     .   (no gloves)
MR       .....                  (no boots)
Stlth    ..........             n - amulet of guardian spirit
HPRegen  0.20/turn              x - +2 ring of intelligence
MPRegen  0.10/turn              y - ring of poison resistance

@: agile
A: retaliatory headbutt, horns 2
a: Renounce Religion


You were in the Ecumenical Temple.
You worshipped Okawaru.
Okawaru was noncommittal.
You were hungry.

You visited 2 branches of the dungeon, and saw 6 of its levels.

You collected 238 gold pieces.

Inventory:

Hand Weapons
 a - a +0 long sword (weapon)
Armour
 b - a +0 scale mail
 c - a +0 shield (worn)
 t - a +0 chain mail (worn)
Jewellery
 n - an amulet of guardian spirit (around neck)
 x - a +2 ring of intelligence (left hand)
 y - a ring of poison resistance (right hand)
Scrolls
 g - 2 scrolls of teleportation
 h - a scroll of vulnerability {unknown}
 j - a scroll of amnesia {unknown}
 q - 2 scrolls of noise {unknown}
 r - 2 scrolls of fear {unknown}
 v - 2 scrolls of fog
Potions
 d - a potion of might
 e - a potion of haste
 i - a potion of mutation {unknown}
 k - 3 potions of flight
 l - 2 potions of curing {unknown}
 m - 2 potions of brilliance {unknown}
 p - a potion of resistance {unknown}
 s - a potion of heal wounds {unknown}
 w - a potion of invisibility {unknown}
Comestibles
 f - 8 rations


   Skills:
 + Level 5.2 Fighting
 + Level 6.5 Long Blades
 + Level 5.8 Armour
 + Level 2.1 Dodging
 + Level 0.4 Stealth
 + Level 6.1 Shields


You had 6 spell levels left.
You didn't know any spells.
Your spell library was empty.

Dungeon Overview and Level Annotations

Branches:
Dungeon (5/15)             Temple (1/1) D:5

Altars:
Ashenzari
Cheibriados
Dithmenos
Elyvilon
Hepliaklqana
Nemelex Xobeh
Okawaru
Qazlal
Ru
Trog
Uskayaw
Vehumet


Innate Abilities, Weirdness & Mutations

You reflexively headbutt those who attack you in melee.
You have a pair of horns on your head.


Message History

The orc warrior is lightly wounded.
The orc warrior hits you with a trident!
You feel agile all of a sudden.
The orc warrior hits you with a trident.
You hit the orc warrior but do no damage.
You headbutt the orc warrior.
The orc warrior is moderately wounded.
You block the orc warrior's attack.
You hit the orc warrior. You headbutt the orc warrior!
The orc warrior is severely wounded.
The orc warrior hits you with a trident!
* * * LOW HITPOINT WARNING * * *
You closely miss the orc warrior.
The orc warrior is severely wounded.
The orc warrior closely misses you. You furiously retaliate!
You headbutt the orc warrior. You closely miss the orc warrior.
The orc warrior is almost dead.
The orc warrior hits you with a trident!!
You die...

..# ..#####
......###
.≈......#####
...._.......###
#......≈......#####
###......._.......#
..#####......≈..o.#
......###.......@.#
.#......#####....)#
...._.......###...#
#.............#####
###......._.......#
#####......#....#
...###......._.#
.....#####.....#
._.......###...#


You could see an orc warrior.

Vanquished Creatures
  An ogre (D:4)
  A phantom (D:5)
  Blork the orc (D:4)
  2 crimson imps
  3 hounds
  An iguana (D:4)
  3 orc wizards (D:5)
  4 worker ants
  Robin (D:3)
  4 gnolls (D:3)
  4 adders
  A shadow imp (D:5)
  3 oozes
  3 worms
  4 dart slugs
  2 leopard geckos (D:5)
  16 orcs
  9 giant cockroaches
  8 hobgoblins
  10 jackals
  5 kobolds
  A quokka (D:2)
  2 ball pythons (D:1)
  7 bats
  9 frilled lizards
  7 goblins
  5 rats
117 creatures vanquished.

Notes
Turn   | Place    | Note
-------+----------+-------------------------------------------
     0 | D:1      | Peloso the Minotaur Fighter began the quest for the Orb.
     0 | D:1      | Reached XP level 1. HP: 19/19 MP: 0/0
   129 | D:1      | Reached XP level 2. HP: 20/27 MP: 1/1
  1127 | D:2      | Reached XP level 3. HP: 27/33 MP: 2/2
  1208 | D:2      | Found a bloodstained altar of Trog.
  1348 | D:2      | Reached XP level 4. HP: 40/40 MP: 3/3
  1770 | D:3      | Reached skill level 1 in Dodging
  1797 | D:3      | Reached XP level 5. HP: 22/46 MP: 2/4
  2155 | D:3      | Noticed Robin
  2169 | D:3      | Killed Robin
  2771 | D:3      | Found a shadowy altar of Dithmenos.
  2833 | D:4      | Reached skill level 5 in Shields
  2843 | D:4      | Reached XP level 6. HP: 36/55 MP: 5/5
  3318 | D:4      | Reached skill level 5 in Fighting
  3377 | D:4      | Noticed Blork the orc
  3387 | D:4      | Killed Blork the orc
  3387 | D:4      | Reached skill level 5 in Long Blades
  3630 | D:4      | Reached skill level 5 in Armour
  3630 | D:4      | Reached XP level 7. HP: 61/61 MP: 6/6
  4104 | D:5      | Entered Level 5 of the Dungeon
  4495 | D:5      | Found a staircase to the Ecumenical Temple.
  4546 | Temple   | Entered the Ecumenical Temple
  4590 | Temple   | Became a worshipper of Warmaster Okawaru
  4763 | Temple   | Mangled by an orc warrior

Skill      XL: |  1  2  3  4  5  6  7 |
---------------+----------------------+-----
Shields        | 4 5 6 |  6.1
Fighting       | 4 5 |  5.2
Armour         | 4 5 |  5.8
Long Blades    | 3 4 5 6 |  6.5
Dodging        | 1 2 |  2.1
Stealth        | |  0.4

Action                   |  1- 3 |  4- 6 |  7- 9 || total
-------------------------+-------+-------+-------++-------
Melee: Long sword        |    93 |   182 |    84 ||   359
       Headbutt          |     9 |    35 |    14 ||    58
  Use: Scroll            |       |       |     6 ||     6
       Potion            |       |       |     1 ||     1
  Eat: Chunk             |     1 |     8 |     3 ||    12
Armor: Scale mail        |    30 |    38 |       ||    68
       Chain mail        |       |    59 |    39 ||    98
Dodge: Dodged            |    35 |    45 |    19 ||    99
Block: Shield            |    50 |   118 |    42 ||   210
       Rpst.: Long sword |     9 |    15 |     8 ||    32
